Cogmind - Beta 13 @@@ ROGUE MODE // 2024.04.06 @ 11:56:04 Player: SovietPaperclip Result: Destroyed by KL-PP6(R) with Subdweller Laser Performance ------------- Evolutions (0) 0 Regions Visited (2) 400 Robots Destroyed (37) 185 Value Destroyed (837) 837 Prototype IDs (0) 0 Alien Tech Used (0) 0 Bonus (0) 0 TOTAL SCORE: 1422 Bonus ------- None Cogmind --------- Core Integrity 0/250 Matter 62/300 Energy 98/100 System Corruption 0% Temperature Cool (6) Movement Treading (250) Ox1 Location -10/Subcaves Parts ------- > --- POWER (1) -------- (None) > --- PROPULSION (2) --- Light Treads Spiked Treads > --- UTILITY (2) ------ High-capacity Storage Unit Medium Armor Plating > --- WEAPON (2) ------- Battle Cannon Slug Cannon > --- INVENTORY (20) --- Light Treads Light Treads Light Treads Cooling System Medium Storage Unit Structural Scanner Sensor Array Signal Interpreter Makeshift Thermal Plating Hacking Suite Light Cannon Subdweller Shrapnel Launcher Subdweller Shrapnel Launcher Peak State ------------ > --- POWER ------------ Ion Engine > --- PROPULSION ------- Light Treads Spiked Treads > --- UTILITY ---------- High-capacity Storage Unit Medium Armor Plating > --- WEAPON ----------- Battle Cannon Slug Cannon > --- INVENTORY -------- Light Treads Light Treads Light Treads Cooling System Medium Storage Unit Structural Scanner Sensor Array Signal Interpreter Makeshift Thermal Plating Hacking Suite Light Cannon Subdweller Shrapnel Launcher Subdweller Shrapnel Launcher [Rating: 15] Favorites ----------- Power Ion Engine Engine Ion Engine Propulsion Light Treads Treads Light Treads Leg Improved Aluminum Leg Utility Medium Armor Plating Storage High-capacity Storage Unit Protection Medium Armor Plating Weapon Light Cannon Energy Gun Medium Laser Ballistic Gun Assault Rifle Ballistic Cannon Light Cannon Build | -11 -10 -10 ------- Run | Yrd Mat Sub Slots Evolved . | . . . Power . | . . . Propulsion . | . . . Utility . | . . . Weapon . | . . . Parts Attached 26 | 6 15 5 Power 2 | 1 1 . Engine 2 | 1 1 . Core . | . . . Reactor . | . . . Propulsion 12 | 2 9 1 Treads 7 | 2 4 1 Leg 5 | . 5 . Wheel . | . . . Hover . | . . . Flight . | . . . Utility 5 | 1 3 1 Device . | . . . Storage 2 | 1 1 . Processor . | . . . Hackware . | . . . Protection 3 | . 2 1 Artifact . | . . . Weapon 7 | 2 2 3 Energy Gun 2 | 1 1 . Energy Cannon . | . . . Ballistic Gun 2 | 1 . 1 Ballistic Cannon 3 | . 1 2 Launcher . | . . . Special Weapon . | . . . Impact Weapon . | . . . Slashing Weapon . | . . . Piercing Weapon . | . . . Special Melee Weapon . | . . . Unidentified Prototypes . | . . . Parts Lost 6 | . 3 3 Power 2 | . 1 1 Propulsion 1 | . . 1 Utility 2 | . 1 1 Weapon 1 | . 1 . Highest Loss Streak 3 | . 2 3 To Critical Strikes . | . . . Average Slot Usage (%) 99 | . 99 99 Engine 13 | . 14 13 Treads 24 | . 22 28 Leg 3 | . 5 . Storage 14 | . 14 14 Protection 13 | . 13 14 Energy Gun 8 | . 11 1 Ballistic Gun 4 | . 5 4 Ballistic Cannon 14 | . 11 22 Naked Turns . | . . . Heaviest Build 62 | 14 57 62 Greatest Support 40 | 40 40 40 Greatest Overweight (x) 2 | . 2 1 Average Overweight (x) . | . . 1 Largest Inventory Capacity 20 | 8 20 20 Average Capacity 18 | 7 18 20 Most Carried 16 | 4 13 16 Average Carried 10 | 1 10 14 Final Capacity 20 | 8 20 20 Final Carried 13 | 1 10 13 Class Distribution -------------------- 100% | Mutant Dominant Class ---------------- Mutant | -10/Materials Mutant | -10/Subcaves Resources | -11 -10 -10 ----------- Run | Yrd Mat Sub Matter Collected 920 | 240 520 160 Remotely . | . . . Salvage Created 933 | . 837 96 Parts 77 | . 73 4 Haulers Intercepted 2 | . 2 . Recyclers Shooed 2 | . 2 . Parts Field Recycled . | . . . Retrieved Matter . | . . . Parts Self-Destructed 9 | . . 9 Prevented . | . . . Kills | -11 -10 -10 ------- Run | Yrd Mat Sub Combat Hostiles Destroyed 27 | . 23 4 Guns 10 | . 9 1 Cannons 17 | . 14 3 Classes Destroyed 7 | . 6 1 Worker 3 | . 3 . Hauler 2 | . 2 . Operator 3 | . 3 . Watcher 2 | . 2 . Swarmer 8 | . 8 . Grunt 15 | . 15 . Subdweller 4 | . . 4 Best Kill Streak 5 | . 5 1 Combat Bots Only 5 | . 5 1 Max Kills in Single Turn 2 | . 2 1 Gunslinging . | . . . Exploded . | . . . Melee . | . . . Uniques/NPCs Destroyed . | . . . Combat | -11 -10 -10 -------- Run | Yrd Mat Sub Hostile Shots Fired 172 | . 125 47 Missed 58 | . 43 15 Damage Taken 1539 | . 844 695 Core 262 | . 96 166 Absorbed by Shields . | . . . Core Remaining (%) 100 | 100 . . Volleys Fired 144 | . 106 38 Largest 2 | . 2 2 Hottest 87 | . 85 87 Shots Fired 250 | . 174 76 Gun 135 | . 126 9 Cannon 115 | . 48 67 Launcher . | . . . Special . | . . . Kinetic 179 | . 108 71 Thermal 71 | . 66 5 Explosive . | . . . Electromagnetic . | . . . Robot Hit Streak 9 | . 9 6 Robot Miss Streak 5 | . 4 5 Penetration Max . | . . . Secondary Targets . | . . . Shots Hit Robots 134 | . 97 37 Core Hits 53 | . 46 7 Critical Kills . | . . . Critical Parts Destroyed . | . . . Critical Strikes 12 | . 9 3 Burn 7 | . 7 . Destroy 2 | . . 2 Blast 3 | . 2 1 Melee Attacks . | . . . Impact . | . . . Slashing . | . . . Piercing . | . . . Sneak Attacks . | . . . Combat Hostiles . | . . . Follow-up Attacks . | . . . Damage Inflicted 2221 | . 1492 729 Guns 926 | . 889 37 Cannons 1279 | . 587 692 Explosions . | . . . Melee . | . . . Ramming 16 | . 16 . Kinetic 1704 | . 1012 692 Thermal 501 | . 464 37 Explosive . | . . . Electromagnetic . | . . . Impact . | . . . Slashing . | . . . Piercing . | . . . Highest Corruption . | . . . Average Corruption . | . . . Corruption Purged . | . . . Corruption Blocked . | . . . Overload Shots . | . . . Overflow Damage . | . . . Projectiles . | . . . Explosions . | . . . Melee . | . . . Knockbacks 9 | . 2 7 Impact . | . . . Kinetic 9 | . 2 7 Secondary . | . . . Self-Inflicted Damage . | . . . Shots . | . . . Rammed . | . . . Targets Rammed 2 | . 2 . Kicked 2 | . 2 . Crushed . | . . . Highest Temperature 271 | . 192 271 Average Temperature 52 | . 47 152 Received Heat Transfer 759 | . 300 459 Effects 1 | . . 1 Energy Bleed 1 | . . 1 Siege Activations . | . . . Robots Corrupted . | . . . Combat Hostiles . | . . . Parts Fried . | . . . Impact Corruptions . | . . . Robots Melted 1 | . 1 . Combat Hostiles . | . . . Parts Melted 5 | . 5 . Heat Transferred 1998 | . 1887 111 Parts Sabotaged . | . . . Parts Stolen . | . . . Parts Stripped . | . . . Power Chain Reactions . | . . . Alert | -11 -10 -10 ------- Run | Yrd Mat Sub Peak Influence 290 | . 290 . Initial . | . . . Average 149 | . 154 . Maximum Alert Level 1 | . 1 . Low Security (%) 60 | 100 59 . Level 1 39 | . 40 . Level 2 . | . . . Level 3 . | . . . Level 4 . | . . . Level 5 . | . . . High Security . | . . . Max Security . | . . . Squads Dispatched 6 | . 6 . Investigation 3 | . 3 . Extermination . | . . . Reinforcement 3 | . 3 . Assault . | . . . Garrison . | . . . Intercept . | . . . Searches Triggered . | . . . Construction Impeded . | . . . Haulers Reinforced . | . . . Active Scanning Responses . | . . . Cargo Convoy Interrupts . | . . . Stealth | -11 -10 -10 --------- Run | Yrd Mat Sub Distress Signals 2 | . 2 . Communications Jammed . | . . . Distress Signals . | . . . Times Spotted 53 | . 47 6 Peak Tracking Total 6 | . 6 2 Tactical Retreats 2 | . 2 . Traps | -11 -10 -10 ------- Run | Yrd Mat Sub Traps Triggered 4 | . 4 . Indirectly . | . . . Trap Hack Attempts . | . . . Triggered . | . . . Disarmed . | . . . Reprogrammed . | . . . Reused . | . . . Traps Extracted . | . . . Installed . | . . . Triggered . | . . . Machines | -11 -10 -10 ---------- Run | Yrd Mat Sub Machines Disabled . | . . . Max in Single Turn . | . . . Machines Repaired . | . . . Machines Dismantled . | . . . Machines Sabotaged . | . . . Overloaded Fab Kills . | . . . Hacking | -11 -10 -10 --------- Run | Yrd Mat Sub Machines Accessed 2 | . 2 . Terminals 2 | . 2 . Fabricators . | . . . Repair Stations . | . . . Recycling Units . | . . . Scanalyzers . | . . . Garrison Access . | . . . Total Hacks 4 | . 4 . Successful 1 | . 1 . Failed 3 | . 3 . Catastrophic . | . . . Database Lockouts . | . . . Manual . | . . . Terminals 4 | . 4 . Fabricators . | . . . Repair Stations . | . . . Recycling Units . | . . . Scanalyzers . | . . . Garrison Access . | . . . Terminal Hacks 1 | . 1 . Locate Traps 1 | . 1 . Fabricator Hacks . | . . . Repair Station Hacks . | . . . Recycling Unit Hacks . | . . . Scanalyzer . | . . . Garrison Access Hacks . | . . . Unauthorized Hacks . | . . . Terminals . | . . . Fabricators . | . . . Repair Stations . | . . . Recycling Units . | . . . Scanalyzers . | . . . Garrison Access . | . . . Data Cores Recovered . | . . . Used . | . . . Hacking Detections 1 | . 1 . Full Trace Events . | . . . Feedback Events . | . . . Feedback Blocked . | . . . Robot Schematics Acquired . | . . . Robots Built . | . . . Authchips . | . . . Time . | . . . Total Robot Build Rating . | . . . Part Schematics Acquired . | . . . Parts Built . | . . . Authchips . | . . . Time . | . . . Total Part Build Rating . | . . . Parts Repaired . | . . . Time . | . . . Parts Recycled . | . . . Recycled Matter . | . . . Retrieved Matter . | . . . Retrieved Components . | . . . Parts Scanalyzed . | . . . Part Schematics Acquired . | . . . Parts Damaged . | . . . Bothacking | -11 -10 -10 ------------ Run | Yrd Mat Sub Used RIF Installer . | . . . Robots Hacked . | . . . Non-combat . | . . . Combat . | . . . Robot Hacks Applied . | . . . Relay Couplers Released . | . . . Fabnet Peak Effective % . | . . . Robots Rewired . | . . . Allies Hacked . | . . . Hacks Repelled . | . . . Allies | -11 -10 -10 -------- Run | Yrd Mat Sub Total Allies . | . . . Largest Group . | . . . Highest-Rated Group . | . . . Highest-Rated Ally . | . . . Total Orders . | . . . Ally Attacks . | . . . Total Damage . | . . . Kills . | . . . Allies Corrupted . | . . . Allies Melted . | . . . Intel | -11 -10 -10 ------- Run | Yrd Mat Sub Robot Analysis Total . | . . . Derelict Logs Recovered 1 | . . 1 Drone Launches . | . . . Drone Recoveries . | . . . Exploration | -11 -10 -10 ------------- Run | Yrd Mat Sub Turns Passed 3282 | 76 2368 838 Spaces Moved 1241 | 46 902 293 Core 9 | 9 . . Treads 1043 | 37 713 293 Legs 189 | . 189 . Wheels . | . . . Hover . | . . . Flight . | . . . Fastest Speed 50 | 50 120 240 Average Speed 223 | 138 222 240 Slowest Speed 320 | 160 320 240 Overloaded Moves . | . . . Propulsion Burnouts . | . . . Robots Hopped . | . . . Cave-ins Triggered . | . . . Exploration Rate (%) 41 | 4 97 23 Regions Visited 2 Branch Regions 1 Pre-discovered Areas . | . . . Known Exits Taken . | . . . Unknown Exits Taken 2 | 1 1 . Scrap Searched 4 | . . 4 Spaces Dug . | . . . Terrain Destroyed 18 | . . 18 Melee . | . . . Projectile 18 | . . 18 AOE . | . . . Terrain Rammed . | . . . Walls Destroyed . | . . . Machines Disabled . | . . . Actions | -11 -10 -10 --------- Run | Yrd Mat Sub Total 1502 | 58 1091 353 Wait 36 | . 28 8 Move 1239 | 45 901 293 Hop . | . . . Pick Up 40 | 7 26 7 Fast Attach . | . . . Attach 18 | 6 10 2 Detach . | . . . Swap 8 | . 5 3 Drop 15 | . 13 2 Fire 144 | . 106 38 Melee . | . . . Ram . | . . . Kick 2 | . 2 . Crush . | . . . Escape Stasis . | . . . Rewire . | . . . Trap . | . . . Miscellaneous . | . . . Route ------- -11/Scrapyard -10/Materials (discovered 6 exits: [*Mat x3] / [*Min x2] / [*Sub]) -10/Subcaves History --------- Turn | Location | Event 5 | -11/Scrapyard | Discovered new exit (range 14) 77 | -11/Scrapyard | Entered Materials 304 | -10/Materials | Discovered new exit (range 10) 316 | -10/Materials | Build established: Mutant 963 | -10/Materials | Discovered new exit (range 16) 1230 | -10/Materials | Discovered new exit (range 9) 1667 | -10/Materials | Discovered new exit (range 12) 1985 | -10/Materials | Discovered new exit (range 15) 2072 | -10/Materials | Discovered new exit (range 16) 2445 | -10/Materials | Entered Subcaves 2718 | -10/Subcaves | Shifting Twisted Machinery released Sub. Laser 2719 | -10/Subcaves | Learned location of 2 exits from Materials 2791 | -10/Subcaves | Shifting Twisted Machinery released Sub. Shrapnel Launcher 2855 | -10/Subcaves | Core integrity fell below 50% 3112 | -10/Subcaves | Core integrity fell below 20% 3283 | -10/Subcaves | Destroyed by KL-PP6(R) with Subdweller Laser Last Messages --------------- 03113_ Critical hit (Meltdown: +270). 03119_ Overheating: Energy bleed (-30). 03119_ Slug penetrates 27-ZSD(R). 03119_ 27-ZSD(R) destroyed. 03127_ Acquired 15 matter. 03129_ Acquired 2 matter. 03131_ Acquired 1 matter. 03203_ AL-RX7(R) knocked back. 03220_ Acquired 1 matter. 03223_ AL-RX7(R) Sub. Optics blasted off. 03223_ AL-RX7(R) destroyed. 03223_ Slug penetrates Wall. 03233_ Acquired 1 matter. 03244_ Med. Armor Plating destroyed. 03252_ Slug penetrates Wall. 03262_ Lgt. Treads destroyed. 03276_ Ion Engine destroyed. 03282_ Slug penetrates MD-D3J(R). 03282_ MD-D3J(R) suffers critical hit (Destroy). 03282_ Destroyed Scrap Shield. Map ----- +----------------------------------------------------+ | ????????????????????????????????????????????????? | | ????????????????????????????????????????????????? | | ????????????????????????????????????????????????? | | ????????????????????????????????????????????????? | | ????????????????????????????????????????????????? | | ????????????????????????????????????????????????? | | ????????????????????????????????????????????????? | | ????????????????????????????????????????????????? | | ????????????????????????????????????????????????? | | ????????????????????????????????????????????????? | | ????????????????????????????????????????????????? | | ?????????? ???????????????????????????????????? | | ??????????? ??????????????????????????????????? | | ???????????? ?##?????????????????????????????? | | ????????????# ?? ????????????????????????????? | | ?????????????# ? ????????????????????????????? | | ?????????????# ????????????????????????????? | | ?????????????# ????????????????????????????? | | ?????????????? #???????????????????????????? | | ???????????????? # ???????????????????????????? | | ?????????????????# ####???????????????????????? | | ?????????????????# # ##??????????????????????? | | ?????????????????# "" # ###????????????????????? | | ???????????????### " % ;#????????????????????? | | ??????????? ####"##" *;R ##????????????????????? | | ????????????"" " ### %!#@ ##???????????????????? | | ????????????""""" "" # ;%#??????????????????? | | ????????????##"## ## R% ????????????????? | | ????????????#"""# ####%% #??????????????? | | ???????????### "## ##??# # ## #;#??????????????? | | ???????????# #??## ??#?#??????????????? | | ???????????## ###???# #??????????????????? | | ????????????#" ##?????# #??????????????????? | | ????????????#" ##????## ####????????????????? | | ????????????###### #????# #"#????????????????? | | ????????????????## ##??## #?????????????????? | | ????????????????# ""#### ##????????????????? | | ????????????????# """"### ###??????????????? | | ????????????????## """"### #??????????????? | | ?????????????????# " #"# #??????????????? | | ?????????????????##" ! ### #??????????????? | | ??????????????????### ! ## ####??????????????? | | ???????????????????## % % #?????????????????? | | ?????????????????###" #?????????????????? | | ????????????????##% #?????????????????? | | ???????????????## #?????????????????? | | ???????????????# % % ## ### #????????????????? | | ??????????? #?# ##?##??# ??????????????? | | ???????#?? #?# ##???????## ##?????????????? | | ?????? ## ## ###???????##??????????????? | +----------------------------------------------------+ Best States ------------- Heat Dissipation 25 Energy Generation 10 Energy Capacity 250 Matter Stores 300 Matter Capacity 300 Sight Range 16 Terrain Scan Density 10 Armor Coverage 225 Evasion (%) 55 Recoil Reduction 2 Item Schematics ----------------- None Robot Schematics ------------------ None Fabricated ------------ Nothing Alien Tech Used ----------------- None Achievements -------------- None Challenges ------------ None Game ------ Seed NullHardenedGreatsword Manual? 0 Play Time 00:17:42 Cumulative 44.7 hours Start 2024.04.06 @ 00:34:50 End 2024.04.06 @ 11:56:04 Sessions 2 Manual Loads 0 Difficulty Rogue Special Mode None Game No. 60 Rogue 60 Adventurer 0 Explorer 0 Win Type - Total 1 Types 1/0/0/0/0/0/0/0/0 Lore% 28 Gallery% 29 Achievement% 31 Wizard Run 0 Options --------- Layout 1 ASCII 0 Keyboard 0 Movement Mouse Keybinds 0 Fullscreen 2 Font 32/Smallcaps Map View 50x40 Zoom Use 0% Tactical HUD 1 Map Filters NONE Filters NONE Steam 1 RUN: d0f9e7ef-e490-4927-a086-b553b49c4c99